Map: Tokamak LE

Players

llllllllllll - Winner!

  • Race: Terran Terran
  • League: Diamond
  • Spawn Location: 1:00

LigerMaNN

  • Race: Zerg Zerg
  • League: Diamond
  • Spawn Location: 7:00

VOD

Have the link to the VOD?

Description

Time

  • Played on: June 4, 2025, 12:30 a.m.
  • Length: 7:51
Show
View Real Time Build Order
Export as new Build Order

llllllllllll Terran - Winner!

Build Orders:  

Get SALT Encoding   

  12  0:00  SCV  
  13  0:12  SCV  
  14  0:18  Supply Depot  
  14  0:25  SCV  
  15  0:40  SCV  
  15  0:41  Barracks  
  16  0:52  SCV  
  17  1:04  SCV  
  18  1:16  SCV  
  19  1:28  Orbital Command, Marine  
  20  1:34  Command Center  
  20  1:41  Refinery  
  20  1:44  Refinery  
  20  1:51  Marine  
  21  1:57  Supply Depot  
  21  1:59  SCV  
  22  2:09  Marine  
  23  2:19  SCV  
  24  2:22  Bunker  
  24  2:28  Factory  
  24  2:39  SCV  
  24  2:52  Orbital Command  
  24  2:58  Refinery x2  
  24  3:00  SCV  
  25  3:12  Starport, SCV  
  26  3:20  SCV  
  26  3:24  SCV  
  28  3:30  Marine  
  29  3:35  SCV  
  29  3:36  SCV  
  31  3:45  Supply Depot  
  31  3:47  SCV  
  32  3:48  SCV  
  32  3:49  Fusion Core  
  32  3:53  Starport Tech Lab, Starport  
  33  4:00  SCV x2  
  35  4:12  SCV  
  35  4:13  SCV  
  37  4:21  Starport Tech Lab  
  37  4:35  Marine  
  38  4:50  Battlecruiser x2  
  50  4:53  Weapon Refit  
  50  5:01  SCV x2  
  50  5:05  Marine  
  53  5:13  SCV  
  54  5:17  Supply Depot  
  54  5:39  SCV  
  54  5:40  Supply Depot  
  55  5:43  SCV  
  56  5:53  SCV  
  56  5:55  SCV  
  58  6:01  Battlecruiser x2  
  58  6:03  Supply Depot  
  70  6:05  Supply Depot  
  70  6:25  SCV x2  
  72  6:46  Starport  
  72  6:55  Supply Depot  
  72  6:56  Supply Depot  
  72  7:19  Supply Depot  
  72  7:21  Supply Depot  
  84  7:26  Supply Depot  
  84  7:31  Starport Tech Lab  
  84  7:49  Supply Depot  
Show
View Real Time Build Order
Export as new Build Order

LigerMaNN Zerg 

Build Orders: Hatch First 

Get SALT Encoding   

  12  0:01  Drone  
  13  0:12  Overlord  
  13  0:23  Drone  
  14  0:31  Drone x2  
  14  0:35  Drone  
  17  0:51  Hatchery  
  17  0:55  Drone  
  17  0:58  Drone  
  18  1:09  Extractor  
  17  1:14  Spawning Pool  
  17  1:16  Drone  
  17  1:19  Drone  
  18  1:28  Drone  
  19  1:39  Overlord  
  19  2:03  Queen x2  
  19  2:04  Zergling x4  
  19  2:05  Zergling x2  
  26  2:17  Overlord  
  26  2:19  Metabolic Boost  
  27  2:22  Drone  
  27  2:26  Drone  
  28  2:37  Drone x3  
  31  2:53  Pneumatized Carapace  
  31  3:06  Drone  
  31  3:07  Drone x4  
  36  3:14  Hatchery  
  36  3:17  Overlord  
  35  3:22  Overlord  
  35  3:34  Extractor, Queen  
  37  3:42  Zergling x12  
  43  4:00  Drone x5  
  48  4:10  Queen  
  50  4:22  Drone x2  
  50  4:23  Overlord x2  
  46  4:48  Drone  
  46  4:49  Drone x10  
  57  4:54  Queen  
  57  4:55  Queen  
  57  4:59  Extractor x2  
  59  5:02  Lair, Extractor  
  58  5:13  Drone x3  
  61  5:15  Drone x3  
  61  5:16  Overlord  
  64  5:24  Extractor x2  
  62  5:38  Queen  
  64  5:45  Drone x8  
  72  5:52  Drone, Hatchery  
  72  6:05  Spire  
  59  6:30  Drone x9  
  66  6:33  Overlord x6  
  60  6:50  Drone  
  60  6:51  Drone x8  
  59  6:56  Queen  
  53  7:14  Drone x8  
  58  7:17  Drone x3  
Tags
 
Matchup
TvZ
Replay Pack
June 2025
Spawn Locations
Cross Positions
Add a new tag
Caveats
  • Supply blocks, unpowered buildings, or Contaminate may cause inaccurate times.
  • Supply counts are checked every 10 seconds.